 Dungeon Crawl Stone Soup version 0.31-a0-986-g5e6e4ef867 (webtiles) character file.

Game seed: 13687339655502008583

929 sammy202020 the Ruffian (level 8, 0/41 HPs)
             Began as a Vine Stalker Shapeshifter on Nov 18, 2023.
             Slain by a gnoll
             ... wielding a +0 spear
             ... led by a gnoll bouda
              (2 damage)
             ... on level 4 of the Dungeon.
             The game lasted 00:04:34 (2858 turns).

sammy202020 the Ruffian (Vine Stalker Shapeshifter) Turns: 2858, Time: 00:04:34

Health: 0/41       AC:  6    Str: 16 (18) XL:     8   Next: 11%
Magic:  0/14       EV: 10    Int:  7 (10) God:
Gold:   201        SH:  0    Dex: 11 (13) Spells: 14/14 levels left

rFire   . .          .
                       - Unarmed
rCold   . . .        (no shield)
rNeg    + . .        m - +0 scale mail
rPois   .            (helmet currently unavailable)
rElec   .            (cloak currently unavailable)
rCorr   .            (gloves currently unavailable)
SInv    .            (boots currently unavailable)
Will    .....        (no amulet) Stlth
                     n - ring of positive energy
HPRegen 1.06/turn    (no ring)
MPRegen 0.14/turn

%: guardian spirit
@: beast-form, weak-willed
A: beast (slay +2), fangs 3, regeneration 1, magic shield, antimagic bite, no
potion heal 2, hooves 1, weak 1
a: Begin Untransformation


You were on level 4 of the Dungeon.
You were a hulking beast.
You visited 1 branch of the dungeon, and saw 4 of its levels.

You collected 201 gold pieces.

Inventory:

Armour
 e - a +0 helmet
 j - a +1 robe of fire resistance
 m - a +0 scale mail (worn)
 r - a +0 cloak
Jewellery
 n - a ring of positive energy (left hand)
Talismans
 c - a beast talisman
 d - a flux talisman
Wands
 p - a wand of flame (23)
Scrolls
 g - 3 scrolls of identify
Potions
 b - a potion of lignification
 f - a potion of curing
 i - a potion of attraction
 l - 2 potions of brilliance
 q - a potion of degeneration


   Skills:
 * Level 3.6 Fighting
 + Level 2.0 Armour
 + Level 2.8 Dodging
 * Level 4.9 Unarmed Combat
 * Level 3.8 Spellcasting
 * Level 4.7 Shapeshifting


You had 14 spell levels left.
You didn't know any spells.
Your spell library contained the following spells:

 Spells                   Type           Power      Damage    Failure   Level
 Slow                     Hex            4%         N/A       75%         1
 Confusing Touch          Hex            1%         N/A       98%         3
 Sigil of Binding         Hex            1%         N/A       98%         3
 Vampiric Draining        Necr           1%         2d6       98%         3


Dungeon Overview and Level Annotations

Branches:
Dungeon (4/15)
 Temple: D:4-7

Altars:
Cheibriados
Qazlal


Innate Abilities, Weirdness & Mutations

You are a hulking beast.
Your limbs bulge with bestial killing power. (Slay +2)
You have razor-sharp teeth.
Your natural rate of healing is unusually fast.
When hurt, damage is shared between your health and your magic reserves.
Your bite disrupts and absorbs the magic of your enemies.
Potions cannot restore your health.
You have large cloven feet.
You are weak. (Str -2)


Message History

You feel very sick.
The gnoll is no longer moving quickly. x2
The gnoll hits you from afar with a +0 spear.
* * * LOW HITPOINT WARNING * * *
The adder closely misses you.
As you read the scroll of fog, it dissolves into smoke.
You feel sick. The gnoll hits you but does no damage.
The adder barely misses you.
You feel sick. The adder bites you but does no damage.
You feel sick.
You feel sick. The adder attacks as it pursues you! The adder misses you.
You feel sick.
You feel sick. The gnoll attacks as it pursues you!
The gnoll hits you but does no damage. The adder barely misses you.
You feel sick.
You are no longer poisoned.
The adder attacks as it pursues you! The adder bites you.
* * * LOW HITPOINT WARNING * * *
You are poisoned.
The adder poisons you!
You feel sick. The gnoll attacks as it pursues you! The gnoll misses you.
You see here a +0 club.
You feel sick.
You feel sick. The adder bites you but does no damage.
You feel sick. The gnoll attacks as it pursues you!
The gnoll hits you from afar with a +0 spear.
* * * LOW HITPOINT WARNING * * *
You feel sick. Why would you want to do that?
As you read the scroll labelled NYGHEF PAUVACH, it crumbles to dust.
Magic quickly surges around you.
It was a scroll of vulnerability.
You feel sick. The adder bites you.
* * * LOW HITPOINT WARNING * * *
The gnoll hits you but does no damage. The adder bites you but does no damage.
As you read the scroll labelled JAEKKOOH WUCEH, it crumbles to dust.
You hear a loud clanging noise!
It was a scroll of noise.
You feel sick.
You are no longer poisoned.
The gnoll hits you from afar with a +0 spear.
You die...

.....#########......#
.....# ###.##.#
.....##########.....#
.................####
.....###########.#
.....# #.# ###### #.#
..#### #.# #....### #h#
####...##### ###S######
## ###.....# #..gg....#
.#########.# #..g.....#
...........# #..).....#
......########........#
.....## ###...........#
.....####...##........#
..........####[.......#


You could see 3 gnolls and an adder (weak-willed).

Vanquished Creatures
  Grinder (D:3)
  Sigmund (D:3)
  An ogre (D:4)
  Blork the orc (D:4)
  A gnoll bouda (D:4)
  2 orc priests (D:3)
  Jessica (D:3)
  Ijyb (D:3)
  Terence (D:3)
  An iguana (D:4)
  2 orc wizards
  9 adders
  A gnoll (D:4)
  2 worms
  A dart slug (D:4)
  9 orcs
  3 endoplasms
  3 giant cockroaches
  8 goblins
  8 hobgoblins
  5 quokkas
  11 ball pythons
  9 bats
  2 frilled lizards
  8 kobolds
  7 rats
99 creatures vanquished.

Notes
Turn   | Place    | Note
-------+----------+-------------------------------------------
     0 | D:1      | sammy202020 the Vine Stalker Shapeshifter began the quest
                  | for the Orb.
     0 | D:1      | Reached XP level 1. HP: 9/9 MP: 2/2
   124 | D:1      | Reached skill level 1 in Fighting
   285 | D:1      | Reached XP level 2. HP: 14/14 MP: 3/3
   582 | D:1      | Reached XP level 3. HP: 18/18 MP: 5/5
   837 | D:2      | Reached skill level 1 in Spellcasting
  1002 | D:2      | Reached XP level 4. HP: 22/22 MP: 6/6
  1438 | D:3      | Noticed Grinder
  1445 | D:3      | Paralysed by Grinder for 5 turns
  1469 | D:3      | Killed Grinder
  1470 | D:3      | Reached skill level 1 in Armour
  1470 | D:3      | Reached XP level 5. HP: 8/27 MP: 2/9
  1470 | D:3      | Reached XP level 6. HP: 9/32 MP: 2/10
  1647 | D:3      | Noticed Jessica
  1652 | D:3      | Killed Jessica
  1718 | D:3      | Found a stormy altar of Qazlal.
  1719 | D:3      | Noticed Ijyb
  1738 | D:3      | Killed Ijyb
  1789 | D:3      | Noticed Sigmund
  1801 | D:3      | Killed Sigmund
  1802 | D:3      | Reached XP level 7. HP: 22/36 MP: 5/12
  1838 | D:3      | Found a faded altar of an unknown god.
  1840 | D:3      | Noticed Terence
  1851 | D:3      | Killed Terence
  2128 | D:3      | Found a snail-covered altar of Cheibriados.
  2546 | D:4      | Noticed Blork the orc
  2556 | D:4      | Killed Blork the orc
  2563 | D:4      | Gained mutation: You have razor-sharp teeth. [Vine Stalker
                  | growth]
  2563 | D:4      | Reached XP level 8. HP: 15/40 MP: 12/14
  2843 | D:4      | Gained mutation: You have large cloven feet. [potion of
                  | mutation]
  2843 | D:4      | Gained mutation: You are weak. (Str -2) [potion of
                  | mutation]
  2857 | D:4      | HP: 2/41 [adder (2)]
  2858 | D:4      | Slain by a gnoll

Illustrated notes

Levels and vault maps discovered:
D:1:      amcnicky_arrival_double_pillar, layout_basic
D:2:      layout_basic, minmay_pentomino_w2
D:3:      layout_basic, mainiacjoe_overflow_catwalk, slow_altar_1,
          nicolae_ecumenical_snake_handling, minmay_misc_feat_tower,
          uniq_sigmund, uniq_ijyb, uniq_grinder, uniq_jessica, uniq_terence
D:4:      layout_rooms, uniq_blork_the_orc

Skill      XL: |  1  2  3  4  5  6  7  8 |
---------------+-------------------------+-----
Fighting       | 1 2 3 |  3.6
Spellcasting   | 1 2 3 |  3.8
Dodging        | 2 |  2.8
Armour         | 1 2 |  2.0
Unarmed Combat | 4 |  4.9
Shapeshifting  | 4 |  4.7

Action                     |  1- 3 |  4- 6 |  7- 9 || total
---------------------------+-------+-------+-------++-------
  Melee: Unarmed           |    71 |    67 |   118 ||   256
         Bite              |    22 |    14 |    32 ||    68
         Punch             |     1 |     1 |       ||     2
         Kick              |       |       |     1 ||     1
    Use: Scroll            |     2 |     4 |     3 ||     9
         Potion            |     1 |     1 |     2 ||     4
 Armour: Animal skin       |     6 |       |    65 ||    71
         Ring mail         |    22 |     2 |       ||    24
         Scale mail        |       |    57 |    27 ||    84
  Dodge: Dodged            |    44 |    29 |    69 ||   142

Table legend: (Time is in decaauts)
 A = Elapsed time spent in this place.
 B = Non-inter-level travel time spent in this place.
 C = Inter-level travel time spent in this place.
 D = Time resting spent in this place.
 E = Time spent auto-exploring this place.
 F = Levels seen in this place.
 G = Mean time per level.
                   A        B        C        D        E       F      G
               +--------+--------+--------+--------+--------+-----+--------+
         Total |   2837 |   2738 |     99 |    362 |   1680 |   4 |  709.2 |
       Dungeon |   2837 |   2738 |     99 |    362 |   1680 |   4 |  709.2 |
               +--------+--------+--------+--------+--------+-----+--------+

Top non-repeatable levels by time:
     D:3: 1033 daAuts
     D:1: 826 daAuts
     D:4: 495 daAuts
     D:2: 482 daAuts
